 Dungeon Crawl Stone Soup version 0.27-a0-40-g5f2be0e231 (webtiles) character file.

Game seed: 10113465379977333457

10901 jestyr24 the Blocker (level 12, -17/92 HPs)
             Began as a Formicid Fighter on Jan 5, 2021.
             Was a High Priest of Makhleb.
             Killed from afar by Fannar (31 damage)
             ... with a bolt of cold
             ... on level 10 of the Dungeon.
             The game lasted 01:37:45 (11319 turns).

jestyr24 the Blocker (Formicid Fighter)            Turns: 11319, Time: 01:37:45

Health: -17/92     AC: 17    Str: 24    XL:     12   Next: 1%
Magic:  12/12      EV: 13    Int: 10    God:    Makhleb [*****.]
Gold:   613        SH: 12    Dex: 13    Spells: 11/11 levels left

rFire    + . .     SeeInvis +   J - +7 flail (protect)
rCold    x . .     Faith    +   c - +0 kite shield
rNeg     . . .     Spirit   .   W - +3 ring mail of Ewelav {Will+ Dex+3}
rPois    .         Reflect  .   (helmet unavailable)
rElec    +         Harm     .   (no cloak)
rCorr    .         Rampage  .   t - +0 pair of gloves
Will     ++...                  y - +0 pair of boots
Stlth    +.........             n - amulet of faith
HPRegen  0.25/turn              I - ring of fire
MPRegen  0.13/turn              Q - ring of wizardry

@: protection aura
A: permanent stasis, dig shafts and tunnels, four strong arms, antennae 3,
deformed body, electricity resistance
a: Dig, Shaft Self, Renounce Religion, Minor Destruction, Lesser Servant of
Makhleb, Major Destruction, Greater Servant of Makhleb


You were on level 10 of the Dungeon.
You worshipped Makhleb.
Makhleb was extremely pleased with you.
You visited 2 branches of the dungeon, and saw 11 of its levels.
You also visited: Ossuary.

You collected 613 gold pieces.

Inventory:

Hand Weapons
 a - a +0 war axe
 j - a +0 scimitar of flaming
 D - a +1 bardiche of venom
 F - a +1 dagger of holy wrath
 J - a +7 flail of protection (weapon)
 S - a +0 whip
Missiles
 h - 201 stones
 i - 89 sling bullets
 q - 2 poisoned darts
 P - 4 javelins
Armour
 c - a +0 kite shield (worn)
 t - a +0 pair of gloves (worn)
 y - a +0 pair of boots (worn)
 E - a +2 robe of willpower
 H - a +0 plate armour
 M - a +1 chain mail of poison resistance
 O - a +0 ring mail of fire resistance
 V - the +2 robe "Ehanog" {+Inv rPois rF+++ Dex-2}
   (You found it on level 10 of the Dungeon)

   It affects your dexterity (-2).
   It renders you almost immune to fire.
   It protects you from poison.
   It lets you turn invisible.
 W - the +3 ring mail of Ewelav (worn) {Will+ Dex+3}
   (You found it on level 10 of the Dungeon)

   It affects your dexterity (+3).
   It affects your willpower, your defense against some magical effects.
Jewellery
 n - an amulet of faith (around neck)
 u - an uncursed ring of stealth
 C - an uncursed amulet of the acrobat
 I - a ring of fire (left hand)
 Q - a ring of wizardry (right hand)
Wands
 f - a wand of digging (6)
 s - a wand of acid (5)
 N - a wand of polymorph (11)
 R - a wand of paralysis (14)
 T - a wand of flame (23)
 U - a wand of enslavement (14)
Scrolls
 b - 4 scrolls of immolation
 g - 6 scrolls of identify
 k - 3 scrolls of amnesia
 r - 5 scrolls of noise
 A - 4 scrolls of remove curse
 B - a scroll of fog
 G - 4 scrolls of teleportation {unknown}
 K - a scroll of magic mapping {unknown}
 L - 3 scrolls of fear {unknown}
Potions
 d - a potion of might
 e - a potion of berserk rage {unknown}
 l - a potion of cancellation {unknown}
 m - 4 potions of curing
 o - 3 potions of flight {unknown}
 p - 4 potions of lignification {unknown}
 v - 5 potions of degeneration {unknown}
 w - a potion of attraction {unknown}
 x - a potion of brilliance {unknown}
Miscellaneous
 z - a phantom mirror


   Skills:
 * Level 7.9 Fighting
 - Level 7.1(9.5) Axes
 - Level 9.9(10.8) Maces & Flails
 * Level 8.6 Armour
 + Level 3.9 Dodging
 - Level 1.7 Stealth
 - Level 10.5 Shields
 * Level 1.1 Evocations


You had 11 spell levels left.
You didn't know any spells.
Your spell library contained the following spells:

 Spells                   Type           Power        Failure   Level
 Magic Dart               Conj           0%           22%         1
 Call Imp                 Summ           0%           32%         2
 Slow                     Hex            0%           32%         2
 Conjure Flame            Conj/Fire      0%           52%         3
 Mephitic Cloud           Conj/Pois/Air  0%           52%         3
 Cause Fear               Hex            0%           89%         4
 Silence                  Hex/Air        0%           99%         5
 Yara's Violent Unravell  Hex/Tmut       0%           99%         5
 Discord                  Hex            0%           100%        8
 Blink                    Tloc           Unusable     N/A         2

Dungeon Overview and Level Annotations

Branches:
Dungeon (10/15)            Temple (1/1) D:5            Lair (0/6) D:9
    Orc (0/2) D:9         Ossuary (visited)

Altars:
Ashenzari
Cheibriados
Dithmenos
Elyvilon
Fedhas
Gozag
Hepliaklqana
Kikubaaqudgha
Makhleb
Nemelex Xobeh
Okawaru
Qazlal
Ru
Sif Muna
Trog
Uskayaw
Vehumet
Wu Jian
Xom
Yredelemnul
Zin
The Shining One

Shops:
D:5 (

Annotations:
D:10 Fannar


Innate Abilities, Weirdness & Mutations

You cannot be hasted, slowed, berserked, paralysed or teleported.
You can dig through walls and to a lower floor.
Your four strong arms can wield two-handed weapons with a shield.
You have a pair of large antennae on your head. (SInv)
Armour fits poorly on your strangely shaped body.
You are resistant to electric shocks. (rElec)


Message History

Fannar is severely wounded.
The ice beast hits you but does no damage.
You sock Fannar!
Fannar is almost dead.
Fannar gestures wildly while chanting.
Fannar drains the heat from the surrounding environment!
You feel a terrible chill!
You feel very cold.
Fannar is frozen.
Fannar resists.
The ice beast hits you but does no damage.
You closely miss Fannar.
Fannar is almost dead.
Fannar hits you with an uncursed staff of cold.
Fannar freezes you!!
* * * LOW HITPOINT WARNING * * *
The ice beast misses you.
You miss Fannar.
Fannar is almost dead.
Fannar casts a spell at you. The bolt of cold hits you!!
You feel a terrible chill!
You die...

.....'........................#.#
.....#######.......##.........#..
.....#### #.......##.........#..
.....#....##.......##.........#..
.....#.............##.........#..
.....#.............##.........#..
.....#.............##.........#..
.....#.............##.........#..
.....###########@##############..
....## #......Ye...... ##. ....#
#.#.....###.... #. ....# #.....#
.. #. ##..# ........ #. ##..#
#........ #. ##..# #........ #<
##..# #......### ## ##..#


You could see Fannar (icy armour) and an ice beast (summoned).

Vanquished Creatures
  Josephine (D:10)
  2 two-headed ogres
  Erica (D:8)
  Pikel (D:4)
  2 deep elf magi (D:10)
  An oklob plant (D:9)
  A komodo dragon (D:8)
  2 trolls
  3 wraiths (D:10)
  Edmund (D:5)
  A swamp drake (D:10)
  2 orc warriors (D:7)
  3 sky beasts
  2 black bears (D:7)
  3 necrophages
  3 ice beasts
  4 phantoms
  9 ogres
  2 centaurs
  2 elf zombies (D:8)
  Blork the orc (D:10)
  A big kobold (D:10)
  4 bullfrogs
  2 water moccasin zombies (D:9)
  An elf skeleton (D:8)
  A gnoll sergeant (D:10)
  3 scorpions
  6 killer bees (D:7)
  4 wights (D:7)
  A bullfrog zombie (D:10)
  A crimson imp (D:10)
  A centaur zombie (D:9)
  A jelly (D:7)
  2 orc priests
  4 hounds
  8 orc wizards
  An iron imp (D:10)
  A human zombie (Ossuary)
  Jessica (D:3)
  A bullfrog skeleton (D:8)
  2 human skeletons (D:8)
  5 iguanas
  8 worker ants
  2 big kobold zombies (Ossuary)
  5 mummies
  3 worker ant zombies (D:7)
  10 adders
  11 gnolls
  A howler monkey skeleton (D:6)
  2 shadow imps
  3 white imps
  3 ufetubi
  3 oozes
  An adder zombie (D:6)
  2 adder skeletons
  3 worms
  5 leopard geckos
  36 orcs
  2 ball pythons
  6 bats
  5 giant cockroaches
  8 goblins
  6 hobgoblins
  3 jackals (D:3)
  12 kobolds
  6 quokkas
  8 frilled lizards
  A goblin zombie (Ossuary)
  2 kobold zombies (Ossuary)
  A leopard gecko zombie (D:7)
  An orc skeleton (D:8)
  2 orc zombies (Ossuary)
  6 rats
  A spectral orc (D:4)
266 creatures vanquished.

Vanquished Creatures (others)
  An orc (D:10)
  A kobold (D:10)
  9 plants
11 creatures vanquished.

Grand Total: 277 creatures vanquished

Notes
Turn   | Place    | Note
-------+----------+-------------------------------------------
     0 | D:1      | jestyr24 the Formicid Fighter began the quest for the Orb.
     0 | D:1      | Reached XP level 1. HP: 18/18 MP: 1/1
   413 | D:1      | Reached XP level 2. HP: 22/24 MP: 2/2
  1042 | D:2      | Found a shimmering altar of Xom.
  1063 | D:2      | Reached XP level 3. HP: 26/29 MP: 3/3
  1511 | D:2      | Reached XP level 4. HP: 34/37 MP: 4/4
  1678 | D:3      | Noticed Jessica
  1717 | D:3      | Killed Jessica
  1718 | D:3      | Reached skill level 4 in Shields
  1989 | D:3      | Reached XP level 5. HP: 41/42 MP: 5/5
  2505 | D:3      | Found a hazy altar of Hepliaklqana.
  2780 | D:4      | Reached XP level 6. HP: 33/48 MP: 6/6
  2995 | D:4      | Noticed Pikel
  3031 | D:4      | Killed Pikel
  3032 | D:4      | Reached skill level 5 in Axes
  3032 | D:4      | Reached skill level 5 in Armour
  3032 | D:4      | Reached skill level 1 in Dodging
  3032 | D:4      | Reached skill level 5 in Shields
  3032 | D:4      | Reached XP level 7. HP: 10/55 MP: 7/7
  3032 | D:4      | Reached XP level 8. HP: 11/61 MP: 8/8
  3647 | D:4      | Found a basalt altar of Yredelemnul.
  4002 | D:4      | Reached skill level 6 in Shields
  4067 | D:4      | Found a shimmering blue altar of Sif Muna.
  4067 | D:4      | Found an ornate altar of the Wu Jian Council.
  4687 | D:5      | Entered Level 5 of the Dungeon
  4687 | D:5      | Found a sparkling altar of Nemelex Xobeh.
  4843 | D:5      | Found Ifuzont's Weapon Emporium.
  4917 | D:5      | Found a staircase to the Ecumenical Temple.
  4927 | Temple   | Entered the Ecumenical Temple
  4966 | Temple   | Became a worshipper of Makhleb the Destroyer
  5164 | D:5      | Reached skill level 5 in Fighting
  5323 | D:5      | Noticed Edmund
  5353 | D:5      | Killed Edmund
  5354 | D:5      | Reached XP level 9. HP: 33/68 MP: 9/9
  5814 | D:6      | Reached skill level 1 in Maces & Flails
  6003 | D:6      | Reached * piety under Makhleb
  6156 | D:6      | Reached skill level 7 in Shields
  6173 | D:6      | Found a stormy altar of Qazlal.
  6785 | D:6      | Found an iron altar of Okawaru.
  7234 | D:7      | Reached ** piety under Makhleb
  7284 | D:7      | Reached skill level 8 in Shields
  7295 | D:7      | Reached XP level 10. HP: 46/75 MP: 10/10
  7397 | D:7      | Reached skill level 5 in Maces & Flails
  7697 | D:8      | Found a snail-covered altar of Cheibriados.
  7752 | D:8      | Reached *** piety under Makhleb
  7761 | D:8      | Reached skill level 9 in Shields
  8025 | D:8      | Found a sand-covered staircase.
  8032 | Ossuary  | Entered an ossuary
  8346 | D:8      | Noticed a komodo dragon
  8367 | D:8      | Killed a komodo dragon
  8368 | D:8      | Reached skill level 1 in Stealth
  8757 | D:8      | Found a shadowy altar of Dithmenos.
  8775 | D:8      | Reached **** piety under Makhleb
  8975 | D:8      | Gained mutation: Armour fits poorly on your strangely
                  | shaped body. [potion of mutation]
  8975 | D:8      | Gained mutation: You are resistant to electric shocks.
                  | (rElec) [potion of mutation]
  9103 | D:8      | Noticed Erica
  9116 | D:8      | Killed Erica
  9410 | D:9      | Found a staircase to the Lair.
  9417 | D:9      | Reached XP level 11. HP: 83/83 MP: 11/11
  9506 | D:9      | Found a sacrificial altar of Ru.
  9507 | D:9      | Noticed an oklob plant
  9906 | D:9      | Noticed a two-headed ogre
  9918 | D:9      | Killed a two-headed ogre
  9919 | D:9      | Reached skill level 10 in Shields
  9990 | D:9      | Found a staircase to the Orcish Mines.
 10147 | D:9      | Killed an oklob plant
 10327 | D:9      | Found a glowing silver altar of Zin.
 10403 | D:10     | Entered Level 10 of the Dungeon
 10528 | D:10     | Reached ***** piety under Makhleb
 10589 | D:10     | Noticed a two-headed ogre
 10596 | D:10     | Noticed Josephine
 10599 | D:10     | Killed a two-headed ogre
 10617 | D:10     | Upgraded the game from 0.27-a0-34-gc18c9092ac to
                  | 0.27-a0-40-g5f2be0e231
 10628 | D:10     | Killed Josephine
 11046 | D:10     | Noticed Blork the orc
 11069 | D:10     | Killed Blork the orc
 11113 | D:10     | Noticed a deep elf mage
 11123 | D:10     | Killed a deep elf mage
 11137 | D:10     | Noticed a deep elf mage
 11141 | D:10     | Killed a deep elf mage
 11151 | D:10     | Got a steaming robe
 11155 | D:10     | Identified the +2 robe "Ehanog" {+Inv rPois rF+++ Dex-2}
                  | (You found it on level 10 of the Dungeon)
 11167 | D:10     | Reached skill level 1 in Evocations
 11260 | D:10     | Reached XP level 12. HP: 92/92 MP: 12/12
 11266 | D:10     | Got a dazzling ring mail
 11267 | D:10     | Identified the +3 ring mail of Ewelav {Will+ Dex+3} (You
                  | found it on level 10 of the Dungeon)
 11305 | D:10     | Noticed Fannar
 11319 | D:10     | Killed from afar by Fannar

Illustrated notes

Levels and vault maps discovered:
D:1:      heliophobic_arrival_dark_side_of_the_moon, layout_loops_corners
D:2:      layout_rooms, lemuel_crystal_altar
D:3:      layout_basic, nzn_hepliaklqana_mist_gate, st_stairs_12,
          minmay_pentangle, uniq_jessica
D:4:      minmay_wonky_spiral, layout_basic,
          yredelemnul_forgotten_temple_becter, gammafunk_temple_overflow_statue,
          uniq_pikel
D:5:      layout_rooms, overflow_temple_1_default,
          minmay_temple_entry_gardened_gates, serial_shops, shop, serial_glass,
          glass_columns_a, glass_columns_b, glass_columns_c, glass_columns_b,
          glass_columns_a, glass_columns_a, glass_columns_a, glass_columns_b,
          uniq_edmund
D:6:      layout_layer_cave, lemuel_coloured_pillars_altar,
          okawaru_metal_pillars_1_2
D:7:      layout_cave_pools, serial_undead, serial_undead_b, serial_undead_a,
          serial_undead_e, serial_undead_f, kennysheep_minor_cross
D:8:      layout_loops_corners, grunt_dithmenos_smoke, lemuel_round_altar,
          nicolae_ossuary_entry_catacombs, minmay_lizard_king, uniq_erica
D:9:      layout_roguey, nicolae_overflow_hidden_temple, lair_entry_dummy,
          lemuel_oklob_altar
D:10:     layout_stronghold, hangedman_minor_magic, uniq_josephine, uniq_fannar
Temple:   minmay_temple_bridge_abc

Skill      XL: |  1  2  3  4  5  6  7  8  9 10 11 |
---------------+----------------------------------+-----
Axes           | 3 4 5 7 |  7.1
Shields        | 4 5 6 8 9 10 | 10.5
Armour         | 4 5 7 8 |  8.6
Fighting       | 4 5 6 7 |  7.9
Dodging        | 1 2 3 |  3.9
Maces & Flails | 4 7 9 |  9.9
Stealth        | 1 |  1.7
Evocations     | 1 |  1.1

Action                   |  1- 3 |  4- 6 |  7- 9 | 10-12 || total
-------------------------+-------+-------+-------+-------++-------
Melee: War axe           |   100 |   166 |   156 |       ||   422
       Flail             |       |       |   159 |   462 ||   621
Evoke: Wand              |       |       |       |     5 ||     5
  Use: Scroll            |     1 |       |     8 |     4 ||    13
       Potion            |       |       |     1 |     7 ||     8
Armor: Scale mail        |    46 |    70 |    32 |       ||   148
       Chain mail        |       |       |   104 |   157 ||   261
       Ring mail         |       |       |       |     5 ||     5
Dodge: Dodged            |    49 |    64 |   125 |   105 ||   343
Block: Kite shield       |    56 |   101 |   199 |   221 ||   577

Table legend: (Time is in decaauts)
 A = Elapsed time spent in this place.
 B = Non-inter-level travel time spent in this place.
 C = Inter-level travel time spent in this place.
 D = Time resting spent in this place.
 E = Time spent auto-exploring this place.
 F = Levels seen in this place.
 G = Mean time per level.
                   A        B        C        D        E       F      G
               +--------+--------+--------+--------+--------+-----+--------+
         Total |  11463 |  11221 |    242 |   1997 |   3727 |  12 |  955.2 |
       Dungeon |  11091 |  10849 |    242 |   1997 |   3603 |  10 | 1109.1 |
        Temple |    175 |    175 |      0 |      0 |    124 |   1 |  175.0 |
       Ossuary |    196 |    196 |      0 |      0 |      0 |   1 |  196.0 |
               +--------+--------+--------+--------+--------+-----+--------+

Top non-repeatable levels by time:
     D:4: 1977 daAuts
     D:8: 1561 daAuts
     D:6: 1332 daAuts
     D:3: 1197 daAuts
     D:1: 1057 daAuts
     D:9: 993 daAuts
     D:5: 910 daAuts
    D:10: 899 daAuts
     D:7: 584 daAuts
     D:2: 576 daAuts
 Ossuary: 196 daAuts
  Temple: 175 daAuts
